 Dungeon Crawl Stone Soup version 0.27-a0-1384-g1422d76b99 (webtiles) character file.

Game seed: 15542151469186825462

84 sagitran the Sneak (level 4, -1/34 HPs)
             Began as a Merfolk Wanderer on June 30, 2021.
             Slain by an orc (2 damage)
             ... on level 3 of the Dungeon.
             The game lasted 00:11:04 (2182 turns).

sagitran the Sneak (Merfolk Wanderer)               Turns: 2182, Time: 00:11:06

Health: -1/34      AC:  6    Str: 10 (11) XL:     4   Next: 46%
Magic:  5/7        EV:  8    Int: 14 (17) God:
Gold:   143        SH:  6    Dex: 12 (15) Spells: 4/7 levels left

rFire    . . .     SeeInvis .   i - +0 spear
rCold    . . .     Faith    .   l - +0 kite shield
rNeg     . . .     Spirit   .   b - +2 leather armour
rPois    .         Reflect  .   (no helmet)
rElec    .         Harm     .   c - +0 cloak
rCorr    .         Rampage  .   (no gloves)
Will     .....                  (no boots)
Stlth    +++.......             (no amulet)
HPRegen  0.11/turn              f - +6 ring of intelligence
MPRegen  0.10/turn              (no ring)

@: brilliant, very slightly contaminated
A: (nimble swimmer 2), mertail
a: no special abilities


You were on level 3 of the Dungeon.
You visited 1 branch of the dungeon, and saw 4 of its levels.

You collected 143 gold pieces.

Inventory:

Hand Weapons
 a - a +0 dagger
 i - a +0 spear (weapon)
Missiles
 m - 4 boomerangs (quivered)
Armour
 b - a +2 leather armour (worn)
 c - a +0 cloak (worn)
 l - a +0 kite shield (worn)
Jewellery
 f - a +6 ring of intelligence (left hand)
Scrolls
 e - 2 scrolls of magic mapping {unknown}
 g - a scroll of identify {unknown}
 n - a scroll of vulnerability {unknown}
Potions
 j - a potion of berserk rage {unknown}
 k - a potion of invisibility {unknown}


   Skills:
 + Level 2.5 Fighting
 + Level 1.0 Short Blades
 + Level 2.1 Polearms
 + Level 0.5 Armour
 + Level 1.7 Dodging
 + Level 5.4 Stealth
 + Level 0.2 Shields
 + Level 2.0 Spellcasting
 + Level 1.0 Translocations
 + Level 0.4 Fire Magic


You had 4 spell levels left.
You knew the following spells:

 Your Spells              Type           Power      Damage    Failure   Level
a - Foxfire               Conj/Fire      12%        2x1d4     90%         1
b - Corona                Hex            2%         N/A       91%         1
c - Summon Small Mammal   Summ           8%         N/A       91%         1

Your spell library contained the following spells:

 Spells                   Type           Power      Damage    Failure   Level
 Apportation              Tloc           12%        N/A       82%         1
 Animate Skeleton         Necr           4%         N/A       91%         1
 Corpse Rot               Necr/Air       N/A        N/A       97%         2
 Static Discharge         Conj/Air       2%         N/A       97%         2
 Ignite Poison            Fire/Tmut/Pois 2%         N/A       99%         3


Dungeon Overview and Level Annotations

Branches:
Dungeon (4/15)
 Temple: D:4-7

Altars:


Innate Abilities, Weirdness & Mutations

((You are quick and stealthy near water. (Stealth+, EV+, Speed+++)))
Your lower body shifts to a powerful aquatic tail in water.


Message History

Nothing appears to happen.
The orc hits you with a +0 club. The orc wizard barely misses you.
Casting: Corona (safe; 86% risk of failure)
Confirm with . or Enter, or press ? or * to list all spells.
Aiming: Corona (safe; 86% risk of failure)
Press: ? - help, Shift-Dir - straight line, f/p - orc wizard
Aim: an orc wizard, wielding a +0 dagger and wearing a +0 robe (chance to affect: 33%)
The orc wizard is outlined in light.
You block the orc's attack. The orc closely misses you.
The orc wizard hits you but does no damage.
You hit the orc wizard.
The orc wizard is moderately wounded.
The orc hits you with a +0 flail! The orc hits you with a +0 club.
The orc wizard barely misses you. The orc misses you.
You barely miss the orc wizard.
The orc wizard is moderately wounded.
The orc hits you with a +0 club.
The orc wizard mumbles some strange words.
The orc wizard flickers and vanishes for a moment.
The orc hits you with a +0 flail!
* * * LOW HITPOINT WARNING * * *
The orc hits you with a +0 club.
* * * LOW HITPOINT WARNING * * *
It was a potion of brilliance.
You feel clever all of a sudden.
The orc wizard hits you with a +0 dagger.
* * * LOW HITPOINT WARNING * * *
The orc hits you with a +0 flail.
* * * LOW HITPOINT WARNING * * *
The orc hits you with a +0 club.
* * * LOW HITPOINT WARNING * * *
Okay, then.
Okay, then.
It was a potion of degeneration.
There was something very wrong with that liquid.
You feel weakened.
You feel dopey.
You feel clumsy.
The orc wizard hits you with a +0 dagger.
* * * LOW HITPOINT WARNING * * *
You block the orc's attack. The orc hits you with a +0 club.
You die...

######### ##.......#
.##.#####.# ##.#@o# #.# #..
#oo#####.###
#.###o.........#
######.o.....#......#
#######o..o.###....#.#....#
.o....'.....o............>#
.##.###.....###....#.#....#
.##.# #.....# #....#.#....#
o##o###.....###....#.#....#


You could see an orc wizard (invisible, corona) and 3 orcs.

Vanquished Creatures
  3 adders (D:2)
  2 worms (D:2)
  A dart slug (D:1)
  2 orcs (D:2)
  3 endoplasms
  2 giant cockroaches
  5 goblins
  3 hobgoblins
  7 jackals
  A quokka (D:3)
  5 ball pythons
  3 bats
  2 frilled lizards
  2 kobolds
  4 rats
45 creatures vanquished.

Vanquished Creatures (others)
  5 foxfires
5 creatures vanquished.

Grand Total: 50 creatures vanquished

Notes
Turn   | Place    | Note
-------+----------+-------------------------------------------
     0 | D:1      | sagitran the Merfolk Wanderer began the quest for the Orb.
     0 | D:1      | sagitran set off with the following items: a +0 dagger, a
                  | +2 leather armour; and the following spell memorised:
                  | Foxfire; and the following spells available to memorise:
                  | Corpse Rot, Static Discharge, Ignite Poison
     0 | D:1      | Reached XP level 1. HP: 16/16 MP: 3/3
    81 | D:1      | Learned a level 1 spell: Corona
    83 | D:1      | Learned a level 1 spell: Summon Small Mammal
   171 | D:1      | Found a faded altar of an unknown god.
   222 | D:1      | Reached XP level 2. HP: 22/22 MP: 5/5
   909 | D:2      | Reached skill level 1 in Polearms
   909 | D:2      | Reached XP level 3. HP: 28/28 MP: 6/6
   985 | D:2      | Reached skill level 5 in Stealth
  1014 | D:2      | Reached skill level 1 in Short Blades
  1169 | D:2      | Reached XP level 4. HP: 25/34 MP: 7/7
  1977 | D:4      | Noticed an ogre
  2182 | D:3      | HP: 1/34 [orc wizard (2)]
  2182 | D:3      | Slain by an orc

Illustrated notes

Levels and vault maps discovered:
D:1:      dpeg_arrival_renting, layout_basic, basic_ecumenical_altar,
          st_stairs_13, chequers_garden, minmay_strange_pillars
D:2:      wad_crossroads, layout_loops_ring
D:3:      layout_basic, nicolae_overflow_hidden_temple
D:4:      layout_layer_cave, corexii_corridor_pit,
          nicolae_shop_overcharged_wands, uniq_ijyb

Skill      XL: |  1  2  3  4 |
---------------+-------------+-----
Polearms       | 1 2 |  2.1
Stealth        | 5 |  5.4
Short Blades   | 1 |  1.0
Fighting       | |  2.5
Armour         | |  0.5
Dodging        | |  1.7
Shields        | |  0.2
Spellcasting   | |  2.0
Translocations | |  1.0
Fire Magic     | |  0.4

Action                   |  1- 3 |  4- 6 || total
-------------------------+-------+-------++-------
Melee: Dagger            |    86 |       ||    86
       Spear             |    52 |    82 ||   134
 Cast: Foxfire           |     4 |       ||     4
       Corona            |       |     1 ||     1
  Use: Potion            |     2 |     2 ||     4
 Stab: Sleeping          |     8 |     7 ||    15
Armor: Leather armour    |    71 |    40 ||   111
Dodge: Dodged            |    81 |    37 ||   118
Block: Kite shield       |     9 |    34 ||    43

Table legend: (Time is in decaauts)
 A = Elapsed time spent in this place.
 B = Non-inter-level travel time spent in this place.
 C = Inter-level travel time spent in this place.
 D = Time resting spent in this place.
 E = Time spent auto-exploring this place.
 F = Levels seen in this place.
 G = Mean time per level.
                   A        B        C        D        E       F      G
               +--------+--------+--------+--------+--------+-----+--------+
         Total |   2217 |   2168 |     49 |    362 |    615 |   4 |  554.2 |
       Dungeon |   2217 |   2168 |     49 |    362 |    615 |   4 |  554.2 |
               +--------+--------+--------+--------+--------+-----+--------+

Top non-repeatable levels by time:
     D:2: 1257 daAuts
     D:1: 824 daAuts
     D:3: 130 daAuts
     D:4: 5 daAuts
